 Dungeon Crawl Stone Soup version 0.29.1-15-g9cfb28693d (webtiles) character file.

Game seed: 11010655221009389586

3 HOAXBANE2 the Charlatan (level 1, 0/9 HPs)
             Began as a Spriggan Artificer on Mar 18, 2023.
             Killed from afar by a dart slug (6 damage)
             ... with a slug dart
             ... on level 1 of the Dungeon.
             The game lasted 00:00:39 (326 turns).

HOAXBANE2 the Charlatan (Spriggan Artificer)         Turns: 326, Time: 00:00:40

Health: 0/9        AC:  2    Str:  8    XL:     1   Next: 41%
Magic:  2/2        EV: 18    Int: 12    God:
Gold:   12         SH:  0    Dex: 15    Spells: 0/0 levels left

rFire   . . .      SeeInvis +   a - +0 club
rCold   . . .      Faith    .   (no shield)
rNeg    . . .      Spirit   .   b - +0 robe
rPois   .          Reflect  .   (helmet restricted)
rElec   .          Harm     .   (no cloak)
rCorr   .          Rampage  .   (gloves unavailable)
Will    .....                   (boots unavailable)
Stlth   ++........              (no amulet)
HPRegen 0.03/turn               (no ring)
MPRegen 0.08/turn               (no ring)

@: very quick
A: very small, no large weapons, unfitting armour, see invisible, speed 3
a: no special abilities


You were on level 1 of the Dungeon.
You visited 1 branch of the dungeon, and saw 1 of its levels.

You collected 12 gold pieces.

Inventory:

Hand Weapons
 a - a +0 club (weapon)
Armour
 b - a +0 robe (worn)
Wands
 c - a wand of flame (15) (quivered)
 d - a wand of charming (15)
 e - a wand of iceblast (5)
Scrolls
 f - a scroll of blinking {unknown}
 g - a scroll of noise {unknown}


   Skills:
 - Level 0.7 Fighting
 + Level 3.4 Dodging
 + Level 2.0 Stealth
 - Level 4.0 Evocations


You couldn't memorise any spells.
You didn't know any spells.
Your spell library was empty.

Dungeon Overview and Level Annotations

Branches:
Dungeon (1/15)

Altars:


Innate Abilities, Weirdness & Mutations

You are very small and have problems with some larger weapons.
You are too small for most types of armour.
You have supernaturally acute eyesight. (SInv)
You cover ground extremely quickly. (Speed+++)


Message History

The endoplasm barely misses you. The endoplasm hits you.
You hit the endoplasm.
You kill the endoplasm!
You start resting.
HP restored.
A bat comes into view.
The helpless bat fails to defend itself.
You hit the bat but do no damage. The bat hits you but does no damage.
The bat barely misses you. The bat misses you.
You hit the bat.
The bat is moderately wounded.
The bat hits you. The bat hits you but does no damage.
A dart slug comes into view.
The bat misses you.
You barely miss the bat. The bat hits you. The bat completely misses you.
You hit the bat.
The bat is heavily wounded.
The bat closely misses you. The bat hits you.
You hit the bat.
You kill the bat!
Your Stealth skill increases to level 2!
Found a clear potion.
The dart slug misses you.
You hit the dart slug but do no damage. The dart slug closely misses you.
You hit the dart slug but do no damage. The dart slug closely misses you.
You hit the dart slug. You punch the dart slug.
The dart slug is moderately wounded.
The dart slug misses you.
You barely miss the dart slug.
The dart slug is moderately wounded.
The dart slug launches a dart at you. The slug dart misses you.
You completely miss the dart slug.
The dart slug is moderately wounded.
You hit the dart slug but do no damage.
The dart slug is moderately wounded.
The dart slug launches a dart at you. The slug dart hits you.
Ouch! That really hurt!
You die...

#+##### ....!#
....# ...# ..# #w#
#@# .. #.#
..####### #.###
........# #†..#
........#####.####
........+........#
K.......########.#
[.....J.# #.# #.#
####.######


You could see a dart slug.

Vanquished Creatures
  A bat (D:1)
  An endoplasm (D:1)
  A frilled lizard (D:1)
3 creatures vanquished.

Notes
Turn   | Place    | Note
-------+----------+-------------------------------------------
     0 | D:1      | HOAXBANE2 the Spriggan Artificer began the quest for the
                  | Orb.
     0 | D:1      | Reached XP level 1. HP: 9/9 MP: 2/2
   326 | D:1      | Killed from afar by a dart slug

Illustrated notes

Levels and vault maps discovered:
D:1:      dpeg_arrival_more_subterranean_lakeside_camping, layout_basic,
          serial_shops, shop, shapermc_ecumenical_altar_pompeii

Skill      XL: |  1 |
---------------+----+-----
Stealth        | 2 |  2.0
Fighting       | |  0.7
Dodging        | |  3.4
Evocations     | |  4.0

Action                   || total
-------------------------++-------
Melee: Club              ||    24
       Punch             ||     1
 Stab: Sleeping          ||     1
Armor: Robe              ||     4
Dodge: Dodged            ||    19
